 Dungeon Crawl Stone Soup version 0.24-a0-250-g6074511 (webtiles) character file.

Game seed: 8953392355996349466

41 Borgoz the Skirmisher (level 3, -5/24 HPs)
             Began as a Gargoyle Monk on Apr 15, 2019.
             Slain by Sigmund
             ... wielding a +0 scythe
              (8 damage)
             ... on level 2 of the Dungeon.
             The game lasted 00:04:54 (784 turns).

Borgoz the Skirmisher (Gargoyle Monk)                Turns: 784, Time: 00:04:55

Health: -5/24      AC:  8    Str: 14    XL:     3   Next: 52%
Magic:  3/3        EV: 11    Int: 10    God:
Gold:   49         SH:  0    Dex: 13    Spells: 2/2 levels left

rFire    . . .     SeeInvis .   a - +0 short sword
rCold    . . .     Gourm    .   (no shield)
rNeg     + . .     Faith    .   e - +0 ring mail
rPois    ∞         Spirit   .   (no helmet)
rElec    +         Reflect  .   (no cloak)
rCorr    .         Harm     .   (no gloves)
MR       .....                  (no boots)
Stlth    +.........             (no amulet)
HPRegen  0.08/turn              (no ring)
MPRegen  0.08/turn              (no ring)

@: no status effects
A: negative energy resistance 1, electricity resistance, unbreathing,
petrification resistance, rot immunity, AC +3
a: no special abilities


You were on level 2 of the Dungeon.
You were not hungry.

You visited 1 branch of the dungeon, and saw 2 of its levels.

You collected 49 gold pieces.

Inventory:

Hand Weapons
 a - a +0 short sword (weapon)
Armour
 e - a +0 ring mail (worn)
Scrolls
 b - a scroll of blinking {unknown}
 d - a scroll of fog {unknown}
 f - a scroll of enchant weapon {unknown}
 g - a scroll of remove curse {unknown}
Potions
 h - a potion of might
 j - a potion of curing
Comestibles
 c - 2 rations
 k - a chunk of flesh


   Skills:
 + Level 3.6 Fighting
 + Level 3.0 Short Blades
 + Level 1.2 Armour
 + Level 2.7 Dodging
 + Level 2.7 Stealth


You had 2 spell levels left.
You didn't know any spells.
Your spell library was empty.

Dungeon Overview and Level Annotations

Branches:
Dungeon (2/15)

Altars:

Annotations:
D:2 Sigmund


Innate Abilities, Weirdness & Mutations

You are resistant to torment.
Your stone body is resilient. (AC +3)
You are immune to poison.
You resist negative energy. (rN+)
You are resistant to electric shocks. (rElec)
You can survive without breathing.
You are immune to petrification.
You are immune to rotting.


Message History

The adder is almost dead.
The adder bites you but does no damage.
You closely miss the adder.
The adder is almost dead.
The adder bites you but does no damage. Something completely misses you.
The adder bites you but does no damage.
You hit the adder.
You kill the adder!
Something hits you but does no damage.
You barely miss the hobgoblin. You hit the hobgoblin.
The hobgoblin is severely wounded.
The hobgoblin closely misses you. Something hits you!
* * * LOW HITPOINT WARNING * * *
You hit the hobgoblin.
You kill the hobgoblin!
Something hits you but does no damage.
You swing at nothing.
You swing at nothing.
Something hits you!
You die...

...............>..........#
....###.##.#.#.#..#.######.#
### #.##.#.#...........#.#
#.##.#.#....#.#....#.#
#.##.#...[.........#.#
#.##.###.##.#.#<...#.# #.
#........#.#+####.#
#.######.####........#
#....{)@.).##.....####
#..#....##.#.##.....#
#....##.#.##....##
#..######.# ##....# .... #.#
#....# .... #.# #....# ###
#.# #.#### .#


There were no monsters in sight!

Vanquished Creatures
  An adder (D:2)
  2 dart slugs (D:1)
  3 bats
  2 goblins (D:1)
  6 hobgoblins
  2 frilled lizards (D:1)
  6 kobolds (D:1)
  6 rats (D:1)
28 creatures vanquished.

Notes
Turn   | Place    | Note
-------+----------+-------------------------------------------
     0 | D:1      | Borgoz the Gargoyle Monk began the quest for the Orb.
     0 | D:1      | Reached XP level 1. HP: 14/14 MP: 1/1
    70 | D:1      | Reached XP level 2. HP: 14/19 MP: 2/2
   465 | D:1      | Reached skill level 1 in Armour
   467 | D:1      | Reached XP level 3. HP: 22/23 MP: 3/3
   758 | D:2      | Noticed Sigmund
   784 | D:2      | Slain by Sigmund

Levels and vault maps discovered:
D:1:      saegor_arrival_under_anarchy, layout_rooms
D:2:      layout_basic, overflow_temple_1_default, first_ration, uniq_sigmund

Skill      XL: |  1  2  3 |
---------------+----------+-----
Armour         | 1 |  1.2
Short Blades   | 3 |  3.0
Fighting       | |  3.6
Dodging        | |  2.7
Stealth        | |  2.7

Action                   || total
-------------------------++-------
Melee: Short sword       ||   119
  Use: Potion            ||     3
Armor: Robe              ||     9
       Ring mail         ||    66
Dodge: Dodged            ||    77

Table legend:
 A = Non-vault XP
 B = Vault XP
 C = Vault XP percentage of total XP
 D = Non-vault monster count
 E = Vault monster count
 F = Vault count percentage of total count
                 A         B        C        D         E       F
            +---------+---------+-------+---------+---------+-------
      Total |      59 |       0 |   0.0 |      28 |       0 |   0.0
            +---------+---------+-------+---------+---------+-------
        D:1 |      42 |       0 |   0.0 |      25 |       0 |   0.0
        D:2 |      17 |       0 |   0.0 |       3 |       0 |   0.0
            +---------+---------+-------+---------+---------+-------
